 Dungeon Crawl Stone Soup version 0.29.0-4-gdea44cf6ec (webtiles) character file.

Game seed: 2539303747078206126

1345 qw the Cleaver (level 8, 0/62 HPs)
             Began as a Formicid Cinder Acolyte on Sept 4, 2022.
             Was a Believer of Ignis.
             Slain by Maggie
             ... wielding a +0 vorpal glaive
              (1 damage)
             ... on level 6 of the Dungeon.
             The game lasted 00:02:29 (7297 turns).

qw the Cleaver (Formicid Cinder Acolyte)            Turns: 7297, Time: 00:02:30

Health: 0/62       AC: 19    Str: 21 (22) XL:     8   Next: 94%
Magic:  8/8        EV:  6    Int: 13      God:    Ignis [**....]
Gold:   43         SH:  0    Dex:  9      Spells: 9/9 levels left

rFire   + + .      SeeInvis +   Y - +0 war axe
rCold   . . .      Faith    .   (no shield)
rNeg    . . .      Spirit   .   c - +0 plate armour
rPois   .          Reflect  .   (helmet unavailable)
rElec   .          Harm     .   d - +0 cloak
rCorr   +          Rampage  .   b - +1 pair of gloves
Will    .....                   p - +0 pair of boots
Stlth   ..........              (no amulet)
HPRegen 0.20/turn               m - ring of resist corrosion
MPRegen 0.11/turn               (no ring)

@: corroded, fiery-armoured, mesmerised
A: permanent stasis, dig shafts and tunnels, antennae 3, four strong arms, fire
resistance 1, low MP 1
a: Dig, Shaft Self, Renounce Religion, Fiery Armour, Foxfire Swarm, Rising Flame


You were on level 6 of the Dungeon.
You worshipped Ignis.
Ignis was pleased with you.
You visited 1 branch of the dungeon, and saw 6 of its levels.

You collected 267 gold pieces.
You spent 224 gold pieces at shops.


Innate Abilities, Weirdness & Mutations

You cannot be hasted, slowed, berserked, paralysed or teleported.
You can dig through walls and to a lower floor.
You have a pair of large antennae on your head. (SInv)
Your four strong arms can wield two-handed weapons with a shield.
Your flesh is heat resistant. (rF+)
Your magical capacity is low. (-10% MP)


   Skills:
 - Level 5.3 Fighting
 - Level 8.5 Axes
 - Level 1.1 Throwing
 + Level 4.9 Armour
 - Level 1.0 Dodging
 - Level 1.1 Spellcasting
 - Level 3.0 Fire Magic


You had 9 spell levels left.
You didn't know any spells.
Your spell library contained the following spells:

 Spells                   Type           Power      Damage    Failure   Level
 Scorch                   Fire           16%        2d6       95%         2

Inventory:

Hand Weapons
 l - a -1 hand axe of flaming
 Y - a +0 war axe (weapon)
Missiles
 e - 6 boomerangs (quivered)
Armour
 b - a +1 pair of gloves (worn)
 c - a +0 plate armour (worn)
 d - a +0 cloak (worn)
 n - a +0 chain mail of fire resistance
 p - a +0 pair of boots (worn)
Jewellery
 m - a ring of resist corrosion (left hand)
Scrolls
 a - a scroll of identify
Potions
 g - a potion of ambrosia {unknown}
 h - a potion of resistance {unknown}
 i - 2 potions of mutation
 j - a potion of heal wounds {unknown}
 k - 2 potions of might

Dungeon Overview and Level Annotations

Branches:
Dungeon (6/15)             Temple (0/1) D:5

Altars:
Kikubaaqudgha
Makhleb
Sif Muna
Uskayaw
Yredelemnul

Shops:
D:4 [

Annotations:
D:3 1 runed translucent door
D:6 Maggie


Message History

Maggie is moderately wounded.
You barely miss the ogre. You slash the jelly! The acid corrodes you!
Your hands burn!
The ogre hits you but does no damage.
The ogre is burned by your cloak of flames.
The ogre is moderately wounded.
The jelly hits you but does no damage.
The jelly is burned by your cloak of flames.
The jelly is almost dead.
Maggie hits you with a +0 vorpal glaive!
You hit the jelly but do no damage.
Your hands burn!
The jelly is almost dead.
You slash Maggie! You hit the ogre but do no damage.
The ogre barely misses you. The jelly hits you but does no damage.
The jelly is burned by your cloak of flames.
You kill the jelly!
Maggie hits you with a +0 vorpal glaive.
Maggie is burned by your cloak of flames.
Maggie is heavily wounded.
You hit Maggie.
Maggie is heavily wounded.
You slash the ogre! Maggie hits you but does no damage.
Maggie is burned by your cloak of flames.
Maggie is severely wounded.
The ogre hits you with a +0 giant club!
The ogre is burned by your cloak of flames.
The ogre is almost dead.
You slash the ogre!
You kill the ogre!
You barely miss Maggie. Maggie barely misses you.
You feel your strength returning.
You slash Maggie!
Maggie is severely wounded.
Maggie barely misses you.
You closely miss Maggie.
Maggie is severely wounded.
Maggie hits you with a +0 vorpal glaive.
You die...

.. ## # O .. #.
.#. #.. /.. ...
##.####### # ..
.........
....#.##)......#
#....@@<<.....#
#..#...#.#....#
#.###.# ... #.
.. # # #.. ...
..## ..#


You could see Maggie (mesmerising).

Vanquished Creatures
  3 ogres
  A centaur (D:5)
  A phantom (D:4)
  3 scorpions
  A kobold brigand (D:3)
  A howler monkey (D:5)
  2 jellies
  3 orc priests (D:5)
  Jessica (D:2)
  4 iguanas
  5 orc wizards
  4 gnolls
  8 adders
  2 white imps
  2 worms
  20 orcs
  9 ball pythons
  3 bat zombies (D:4)
  8 endoplasms
  3 giant cockroaches
  4 hobgoblins
  8 jackals
  7 kobolds
  7 quokkas
  3 bats
  3 frilled lizards
  9 goblins
  A goblin zombie (D:3)
  7 rats
133 creatures vanquished.

Notes
Turn   | Place    | Note
-------+----------+-------------------------------------------
     0 | D:1      | qw the Formicid Cinder Acolyte began the quest for the Orb.
     0 | D:1      | Reached XP level 1. HP: 18/18 MP: 2/2
     0 | D:1      | 0 ||| qw: Version: 0.1-a-103-gd6f5d3a
     0 | D:1      | 0 ||| qw: Game counter: 5476
     0 | D:1      | 0 ||| qw: Always use a shield: true
     0 | D:1      | 0 ||| qw: God list: Okawaru
     0 | D:1      | 0 ||| qw: Allow faded altars: false
     0 | D:1      | 0 ||| qw: Do Orc after D:15 true
     0 | D:1      | 0 ||| qw: Do second Lair branch before Depths: true
     0 | D:1      | 0 ||| qw: Lair rune preference: random
     0 | D:1      | 0 ||| qw: Plans: Normal
     0 | D:1      | 0 ||| PLANNING D:1-11
   252 | D:1      | Reached XP level 2. HP: 15/24 MP: 3/3
   639 | D:1      | 639 ||| Stepping ~*~*~tactically~*~*~ (stealth).
   641 | D:1      | 641 ||| Stepping ~*~*~tactically~*~*~ (stealth).
   647 | D:1      | 647 ||| INVOKING Fiery Armour.
   650 | D:1      | Reached skill level 4 in Axes
   650 | D:1      | Reached XP level 3. HP: 11/29 MP: 4/4
   654 | D:1      | 654 ||| Stepping ~*~*~tactically~*~*~ (stealth).
   659 | D:1      | 659 ||| Stepping ~*~*~tactically~*~*~ (stealth).
   665 | D:1      | 665 ||| Stepping ~*~*~tactically~*~*~ (stealth).
   761 | D:1      | 761 ||| Stepping ~*~*~tactically~*~*~ (stealth).
  1380 | D:1      | 1380 ||| UPGRADING to +0 leather armour.
  1390 | D:1      | 1390 ||| DROPPING +0 robe.
  1391 | D:1      | 1391 ||| READING 2 scrolls labelled ONGUGI DEMPURAO.
  1392 | D:1      | 1392 ||| READING scroll labelled DOSIAK SAFIAKH.
  1393 | D:1      | 1393 ||| READING scroll labelled VICUMMAROM.
  1394 | D:1      | 1394 ||| DRINKING 2 blue potions.
  1395 | D:1      | 1395 ||| DROPPING potion of attraction.
  1425 | D:2      | 1425 ||| STAIRDANCE
  1430 | D:2      | 1430 ||| STAIRDANCE
  1433 | D:1      | 1433 ||| INVOKING Fiery Armour.
  1594 | D:2      | 1594 ||| STAIRDANCE
  1704 | D:2      | Reached XP level 4. HP: 34/35 MP: 5/5
  2301 | D:2      | Found a faded altar of an unknown god.
  2373 | D:2      | Noticed Jessica
  2374 | D:2      | 2374 ||| Stepping ~*~*~tactically~*~*~ (hiding).
  2390 | D:2      | Killed Jessica
  2391 | D:2      | Reached skill level 5 in Axes
  2391 | D:2      | Reached XP level 5. HP: 41/41 MP: 6/6
  2447 | D:2      | 2447 ||| UPGRADING to +1 pair of gloves.
  2452 | D:2      | 2452 ||| DRINKING 2 glowing red potions.
  2476 | D:2      | 2476 ||| DROPPING potion of lignification.
  2536 | D:3      | 2536 ||| Stepping ~*~*~tactically~*~*~ (stealth).
  2537 | D:3      | 2537 ||| Stepping ~*~*~tactically~*~*~ (stealth).
  2538 | D:3      | Found a burning altar of Makhleb.
  2545 | D:3      | Reached skill level 1 in Dodging
  2605 | D:3      | 2605 ||| Stepping ~*~*~tactically~*~*~ (stealth).
  2608 | D:3      | 2608 ||| Stepping ~*~*~tactically~*~*~ (stealth).
  2609 | D:3      | 2609 ||| Stepping ~*~*~tactically~*~*~ (stealth).
  2613 | D:3      | 2613 ||| Stepping ~*~*~tactically~*~*~ (stealth).
  2634 | D:3      | 2634 ||| INVOKING Fiery Armour.
  2892 | D:3      | Identified the +1 robe "Pujudyt" {*Slow Str+4 SInv Stlth-}
  3026 | D:3      | Noticed a human
  3026 | D:3      | Noticed a kobold brigand
  3029 | D:3      | 3029 ||| FLEEEEING.
  3030 | D:3      | 3030 ||| FLEEEEING.
  3031 | D:3      | 3031 ||| FLEEEEING.
  3032 | D:3      | 3032 ||| FLEEEEING.
  3033 | D:3      | 3033 ||| FLEEEEING.
  3039 | D:3      | 3039 ||| FLEEEEING.
  3040 | D:3      | 3040 ||| FLEEEEING.
  3041 | D:3      | 3041 ||| FLEEEEING.
  3046 | D:3      | 3046 ||| FLEEEEING.
  3047 | D:3      | 3047 ||| FLEEEEING.
  3052 | D:3      | 3052 ||| STAIRDANCE
  3277 | D:2      | 3277 ||| UPGRADING to +0 cloak.
  3282 | D:2      | 3282 ||| UPGRADING to +1 robe "Pujudyt" {*Slow Str+4 SInv
                  | Stlth-}.
  3292 | D:2      | 3292 ||| DROPPING +0 leather armour.
  3293 | D:2      | 3293 ||| UPGRADING to +0 chain mail.
  3303 | D:2      | 3303 ||| DROPPING +1 robe "Pujudyt" {*Slow Str+4 SInv
                  | Stlth-}.
  3304 | D:2      | 3304 ||| DROPPING ring of wizardry.
  3305 | D:2      | 3305 ||| READING scroll labelled FOESID YLASAA.
  3306 | D:2      | 3306 ||| READING scroll labelled INEEPN JEXTUAP.
  3328 | D:3      | Killed a kobold brigand
  3329 | D:3      | 3329 ||| STAIRDANCE
  3494 | D:3      | Found a runed translucent door.
  3500 | D:3      | Found a basalt altar of Yredelemnul.
  3528 | D:3      | Reached XP level 6. HP: 47/47 MP: 7/7
  3570 | D:3      | 3570 ||| Stepping ~*~*~tactically~*~*~ (stealth).
  3572 | D:3      | 3572 ||| Stepping ~*~*~tactically~*~*~ (stealth).
  3912 | D:3      | Found a hide-covered altar of Uskayaw.
  3990 | D:4      | 3990 ||| INVOKING Fiery Armour.
  3997 | D:4      | 3997 ||| FLEEEEING.
  3998 | D:4      | 3998 ||| FLEEEEING.
  3999 | D:4      | 3999 ||| FLEEEEING.
  4000 | D:4      | 4000 ||| FLEEEEING.
  4001 | D:4      | 4001 ||| FLEEEEING.
  4002 | D:4      | 4002 ||| FLEEEEING.
  4003 | D:4      | 4003 ||| FLEEEEING.
  4004 | D:4      | 4004 ||| FLEEEEING.
  4005 | D:4      | 4005 ||| FLEEEEING.
  4006 | D:4      | 4006 ||| FLEEEEING.
  4007 | D:4      | 4007 ||| STAIRDANCE
  4074 | D:4      | Found Taizuelu's Armour Emporium.
  4175 | D:4      | 4175 ||| SWAPPING to +0 war axe.
  4288 | D:4      | Reached skill level 6 in Axes
  4447 | D:4      | Reached XP level 7. HP: 26/54 MP: 8/8
  4447 | D:4      | 4447 ||| INVOKING Fiery Armour.
  4450 | D:4      | Reached skill level 3 in Armour
  4537 | D:4      | 4537 ||| Stepping ~*~*~tactically~*~*~ (stealth).
  4623 | D:4      | 4623 ||| Stepping ~*~*~tactically~*~*~ (stealth).
  4739 | D:4      | 4739 ||| Stepping ~*~*~tactically~*~*~ (hiding).
  4886 | D:4      | 4886 ||| BUYING +0 chain mail of fire resistance (161
                  | gold).
  4886 | D:4      | Bought a +0 chain mail of fire resistance for 161 gold
                  | pieces
  4886 | D:4      | 4886 ||| BUYING +0 pair of boots (63 gold).
  4886 | D:4      | Bought a +0 pair of boots for 63 gold pieces
  4886 | D:4      | 4886 ||| SHOPLISTING +0 plate armour (322 gold, have 2).
  4886 | D:4      | 4886 ||| SHOPLISTING +1 pair of boots (161 gold, have 2).
  5077 | D:4      | 5077 ||| Stepping ~*~*~tactically~*~*~ (hiding).
  5169 | D:4      | 5169 ||| Stepping ~*~*~tactically~*~*~ (stealth).
  5192 | D:4      | Found an ancient bone altar of Kikubaaqudgha.
  5206 | D:4      | 5206 ||| Stepping ~*~*~tactically~*~*~ (stealth).
  5424 | D:4      | 5424 ||| FLEEEEING.
  5491 | D:4      | Found a shimmering blue altar of Sif Muna.
  5512 | D:4      | 5512 ||| FLEEEEING.
  5513 | D:4      | 5513 ||| FLEEEEING.
  5521 | D:4      | 5521 ||| FLEEEEING.
  5522 | D:4      | 5522 ||| FLEEEEING.
  5523 | D:4      | 5523 ||| FLEEEEING.
  5524 | D:4      | 5524 ||| FLEEEEING.
  5525 | D:4      | 5525 ||| FLEEEEING.
  5526 | D:4      | 5526 ||| FLEEEEING.
  5527 | D:4      | 5527 ||| FLEEEEING.
  5528 | D:4      | 5528 ||| FLEEEEING.
  5529 | D:4      | 5529 ||| FLEEEEING.
  5530 | D:4      | 5530 ||| FLEEEEING.
  5696 | D:4      | 5696 ||| UPGRADING to +0 chain mail of fire resistance.
  5706 | D:4      | 5706 ||| DROPPING +0 chain mail.
  5707 | D:4      | 5707 ||| UPGRADING to +0 pair of boots.
  5712 | D:4      | 5712 ||| UPGRADING to ring of resist corrosion.
  5713 | D:4      | 5713 ||| READING 2 scrolls labelled BIFIALLYSOMP.
  5714 | D:4      | 5714 ||| READING 3 scrolls labelled HEFAPA XAG COV.
  5715 | D:4      | 5715 ||| DRINKING 3 inky potions.
  5715 | D:4      | Gained mutation: You are dopey. (Int -2) [potion of
                  | mutation]
  5715 | D:4      | Lost mutation: You are dopey. (Int -2) [potion of mutation]
  5715 | D:4      | Gained mutation: Your magical capacity is low. (-10% MP)
                  | [potion of mutation]
  5715 | D:4      | Gained mutation: Your flesh is heat resistant. (rF+)
                  | [potion of mutation]
  5716 | D:4      | 5716 ||| DRINKING 2 white potions.
  5717 | D:4      | 5717 ||| DRINKING 2 coppery potions.
  5718 | D:4      | 5718 ||| READING 2 scrolls of identify.
  5718 | D:4      | 5718 ||| IDENTIFYING green potion
  5719 | D:4      | 5719 ||| DROPPING scroll of vulnerability.
  5720 | D:4      | 5720 ||| DROPPING potion of degeneration.
  5721 | D:4      | 5721 ||| DROPPING 2 scrolls of noise.
  5729 | D:4      | 5729 ||| DRINKING potion of curing.
  5729 | D:4      | 5729 ||| (to cure confusion)
  5784 | D:5      | Entered Level 5 of the Dungeon
  5797 | D:5      | Reached skill level 7 in Axes
  5811 | D:5      | 5811 ||| INVOKING Fiery Armour.
  5818 | D:5      | Reached skill level 1 in Throwing
  5831 | D:5      | Reached XP level 8. HP: 40/60 MP: 8/8
  6161 | D:5      | Reached skill level 8 in Axes
  6279 | D:5      | 6279 ||| Stepping ~*~*~tactically~*~*~ (hiding).
  6280 | D:5      | 6280 ||| Stepping ~*~*~tactically~*~*~ (hiding).
  6281 | D:5      | 6281 ||| Stepping ~*~*~tactically~*~*~ (hiding).
  6303 | D:5      | 6303 ||| INVOKING Fiery Armour.
  6335 | D:5      | 6335 ||| FLEEEEING.
  6336 | D:5      | 6336 ||| FLEEEEING.
  6337 | D:5      | 6337 ||| FLEEEEING.
  6338 | D:5      | 6338 ||| FLEEEEING.
  6339 | D:5      | 6339 ||| STAIRDANCE
  6463 | D:4      | 6463 ||| READING scroll labelled YSTROSTRUKING.
  6464 | D:4      | 6464 ||| READING 2 scrolls of identify.
  6464 | D:4      | 6464 ||| IDENTIFYING bubbling clear potion
  6465 | D:4      | 6465 ||| DROPPING potion of flight.
  6793 | D:5      | 6793 ||| Stepping ~*~*~tactically~*~*~ (hiding).
  7190 | D:5      | Found a staircase to the Ecumenical Temple.
  7265 | D:5      | 7265 ||| UPGRADING to +0 plate armour.
  7284 | D:6      | Noticed Maggie
  7290 | D:6      | 7290 ||| INVOKING Fiery Armour.
  7292 | D:6      | HP: 13/62 [Maggie/+0 vorpal glaive (4)]
  7294 | D:6      | HP: 1/62 [ogre/+0 giant club (9)]
  7297 | D:6      | Slain by Maggie

Levels and vault maps discovered:
D:1:      dpeg_arrival_pond, layout_basic, minmay_misc_feat_diagonals
D:2:      layout_basic, hellmonk_ecumenical_altar_slurped_away,
          minmay_tetromino_s2, uniq_jessica
D:3:      layout_loops_ring, nicolae_uskayaw_dance_hall, bloody_makhleb,
          dk_yredelemnul_ordeal, dk_noncrumbling_2
D:4:      layout_loops_corners, lemuel_zombie_altar_kikubaaqudgha, tgw_sif,
          serial_shops, nicolae_inconvenience_store,
          hangedman_abyss_or_decor_lesser_grid, minmay_close_crescents
D:5:      layout_cave_pods, minmay_temple_entry_glassed_door
D:6:      layout_basic, overflow_temple_1_default,
          gammafunk_ghost_gnarly_gnolls, uniq_maggie

Skill      XL: |  1  2  3  4  5  6  7  8 |
---------------+-------------------------+-----
Axes           | 4 5 6 7 8 |  8.5
Dodging        | 1 |  1.0
Armour         | 2 3 4 |  4.9
Fighting       | 4 5 |  5.3
Throwing       | 1 |  1.1
Spellcasting   | |  1.1
Fire Magic     | |  3.0

Action                   |  1- 3 |  4- 6 |  7- 9 || total
-------------------------+-------+-------+-------++-------
Melee: Hand axe          |    89 |   148 |       ||   237
       Punch             |       |     2 |     2 ||     4
       War axe           |       |    27 |   148 ||   175
Throw: Boomerang         |       |    16 |    34 ||    50
Invok: Fiery Armour      |     2 |     2 |     4 ||     8
  Use: Scroll            |     3 |     2 |     5 ||    10
       Potion            |     1 |     1 |     4 ||     6
Armor: Robe              |    11 |       |       ||    11
       Leather armour    |    16 |    24 |       ||    40
       Chain mail        |       |    57 |    96 ||   153
       Plate armour      |       |       |     6 ||     6
Dodge: Dodged            |    57 |    72 |    56 ||   185

Table legend:
 A = Non-vault XP
 B = Vault XP
 C = Vault XP percentage of total XP
 D = Non-vault monster count
 E = Vault monster count
 F = Vault count percentage of total count
                 A         B        C        D         E       F
            +---------+---------+-------+---------+---------+-------
      Total |    1697 |     225 |  11.7 |     119 |      14 |  10.5
            +---------+---------+-------+---------+---------+-------
        D:1 |      58 |       6 |   9.4 |      23 |       2 |   8.0
        D:2 |      40 |      39 |  49.4 |      15 |       2 |  11.8
        D:3 |     137 |       1 |   0.7 |      17 |       1 |   5.6
        D:4 |     322 |     179 |  35.7 |      32 |       9 |  22.0
        D:5 |     977 |       0 |   0.0 |      30 |       0 |   0.0
        D:6 |     163 |       0 |   0.0 |       2 |       0 |   0.0
            +---------+---------+-------+---------+---------+-------
